 Dungeon Crawl Stone Soup version 0.18.1-50-g88ac8fd (console) character file.

17689 CALLOUS the Nimble (level 12, -3/75 (78) HPs)
             Began as a Kobold Venom Mage on Dec 9, 2018.
             Slain by a blink frog (13 damage)
             ... on level 1 of the Lair of Beasts on Dec 10, 2018.
             The game lasted 09:37:02 (26892 turns).

CALLOUS the Nimble (Kobold Venom Mage)             Turns: 26892, Time: 09:37:03

HP:   -3/75 (78)    AC: 11    Str: 13    XL:     12   Next: 85%
MP:   18/18         EV: 29    Int: 13    God:
Gold: 278           SH:  0    Dex: 17    Spells: 5 memorised, 8 levels left

rFire  . . .     SeeInvis .     m - +2 mace (protect)
rCold  + . .     Gourm    .     u - troll hide
rNeg   . . .     Faith    .     (shield restricted)
rPois  .         Spirit   .     (no helmet)
rElec  .         Dismiss  .     A - +0 cloak
rCorr  .         Reflect  .     (no gloves)
SustAt .         Harm     .     (no boots)
MR     .....                    (no amulet)
Stlth  ++++......               Z - ring of protection from cold
                                z - +3 ring of evasion

@: not resistant to hostile enchantments, stealthy
A: slimy green scales 2, carnivore 3, mutation resistance 1, slow regeneration
1, strong 1
a: no special abilities


You were on level 1 of the Lair of Beasts.
You were completely stuffed.

You visited 2 branches of the dungeon, and saw 14 of its levels.

You collected 850 gold pieces.
You spent 572 gold pieces at shops.

Inventory:

Hand Weapons
 a - a +4 dagger of chaos
 b - a +2 dagger of venom
 i - a +0 hand axe of flaming
 m - a +2 mace of protection (weapon)
 x - a cursed -2 long sword
 y - a +2 trident of protection
 N - a +0 shortbow of flaming
 Q - a +0 blowgun
 U - a +0 shortbow
Missiles
 k - 220 stones
 p - a steel tomahawk
 s - 8 poisoned needles
 S - 4 tomahawks (quivered)
 V - 190 arrows
Armour
 f - a +0 chain mail of cold resistance
 q - a +0 robe of positive energy
 u - a troll hide (worn)
 A - a +0 cloak (worn)
 J - a +3 leather armour of poison resistance
 X - a cursed +0 buckler
Magical Staves
 C - an uncursed staff of wizardry
Jewellery
 c - an uncursed ring of protection from fire {unknown}
 o - an uncursed ring of protection from magic {unknown}
 z - a +3 ring of evasion (left hand)
 B - an uncursed ring of fire {unknown}
 D - an uncursed ring of positive energy {unknown}
 T - an uncursed ring of resist corrosion {unknown}
 Z - a ring of protection from cold (right hand)
Wands
 v - a wand of enslavement (6/24)
 G - a wand of lightning (9/15)
 K - a wand of confusion (17/48)
 L - a wand of acid (1/15)
 P - a wand of random effects (20/48)
Scrolls
 d - 10 scrolls of identify {unknown}
 e - a scroll of recharging {unknown}
 g - 4 scrolls of magic mapping
 j - a scroll of torment {unknown}
 l - 3 scrolls of remove curse {unknown}
 n - 2 scrolls of blinking {unknown}
 r - a scroll of enchant armour {unknown}
 t - a scroll of acquirement {unknown}
 w - a scroll of fear {unknown}
 F - 2 scrolls of immolation {unknown}
 H - a scroll of silence {unknown}
 I - a scroll of fog {unknown}
 M - 5 scrolls of teleportation {unknown}
 R - a scroll of enchant weapon {unknown}
 W - 4 scrolls of vulnerability {unknown}
 Y - 2 scrolls of amnesia {unknown}
Miscellaneous
 E - a lamp of fire (inert)
Comestibles
 h - 10 meat rations
 O - 6 chunks of flesh


   Skills:
 * Level 10.4 Fighting
 * Level 11.9 Short Blades
 * Level 14.9 Dodging
 + Level 6.3 Stealth
 - Level 2.0 Spellcasting
 - Level 4.0 Poison Magic
 * Level 8.2 Evocations


You had 8 spell levels left.
You knew the following spells:

 Your Spells              Type           Power        Failure   Level  Hunger
a - Sting                 Conj/Pois      #...         14%         1    ##.....
b - Cure Poison           Pois           ##........   12%         2    ###....
c - Corpse Rot            Necr           N/A          50%         2    ###....
d - Apportation           Tloc           #.........   34%         1    ##.....
e - Summon Butterflies    Summ           #.......     34%         1    ##.....


Dungeon Overview and Level Annotations

Branches:
Dungeon (13/15)            Temple (0/1) D:4            Lair (1/8) D:10
 Vaults (0/5) D:13
    Orc: D:9-12

Altars:
Ashenzari
Makhleb
Okawaru
Pakellas
Qazlal
Sif Muna
Trog
Zin
The Shining One

Shops:
D:11 !

Annotations:
D:2 2 exclusions
D:4 9opEflail10wmD, exclusion: water moccasin
D:5 9opEmorning7btoD8sEDibD, Blork the orc, Sigmund
D:6 8wDspearoffreezing, exclusions: giant frog and 3 wights
D:7 12hgDwmD, exclusions: hill giant and water moccasin
D:8 9mowED, exclusions: moth of wrath and 1 more exclusion
D:9 1 exclusion
D:10 1 exclusion
D:11 12butD, exclusion: ugly thing
D:12 12cutD, exclusion: 3 ugly things
D:13 12opDcwEDomEDclubrobe, exclusions: centaur warrior, ogre mage, oklob plant, orc and orc priest


Innate Abilities, Weirdness & Mutations

You are small and have problems with some larger weapons.
You are carnivorous and can eat meat at any time.
You are mostly covered in slimy green scales (AC +3).
You are somewhat resistant to further mutation.
You regenerate slowly when monsters are visible.
Your muscles are strong. (Str +2)


Message History

The polar bear completely misses you. x2
Press: ? - help, v - describe, . - travel
Here: a blink frog (translocational energy, heavily wounded, confused)
The floor.
Unknown command.
You catch the helpless blink frog completely off-guard!
You perforate the blink frog like a sieve!!!
You kill the blink frog!
The blink frog is no longer moving slowly.
Press: ? - help, v - describe, . - travel
Here: a polar bear The floor.
Unknown command.
Wield which item (- for none, * to show all)? (? for menu, Esc to quit)
You feel protected!
m - a +2 mace of protection (weapon)
The polar bear barely misses you. The polar bear closely misses you.
The polar bear misses you. The blink frog hits you!
You die...

# ########
######.#..#.############
........................
..............h..F......
..####.######...@###### ..# ####
#....# ..# ##..#####....#
..###.รท...##.....#
....#.....###.(..# .. ..+.......#
#....# ...# ..##P##.### #....# +#
#...### ..#####.#
#....####.###....P#+#
...####'#####.....#.P+#P#...(....
....................(..(.........
.................(...............


You could see a polar bear and a blink frog.

Vanquished Creatures
  The ghost of CALLOUS the Geomancer, a novice DDWn of Elyvilon (D:10)
  An unseen horror (D:13)
  3 hill giants
  A cyclops (D:12)
  A centaur zombie (D:11)
  Psyche (D:11)
  A gargoyle (D:10)
  4 trolls
  A komodo dragon (Lair:1)
  2 tengu conjurers (D:13)
  5 two-headed ogres
  8 blink frogs (Lair:1)
  A shadow (D:13)
  A wyvern (D:8)
  12 yaks
  3 hippogriffs
  Edmund (D:5)
  A hungry ghost (D:10)
  2 ice beasts
  9 orc warriors
  2 phantoms
  A black bear (D:9)
  2 sky beasts
  A necrophage (D:7)
  An eye of draining (D:8)
  5 ogres
  5 centaurs
  3 crocodiles
  3 big kobolds
  11 giant frogs
  4 scorpions
  A water moccasin skeleton (D:11)
  5 howler monkeys
  2 crimson imps
  3 jellies
  A quasit (D:10)
  10 orc priests
  A giant frog skeleton (D:11)
  6 hounds
  12 orc wizards
  3 centaur skeletons
  Terence (D:2)
  4 iguanas
  14 worker ants
  A hound zombie (D:5)
  2 hound skeletons
  2 worker ant zombies
  2 howler monkey skeletons
  9 gnolls
  13 adders
  4 river rats (D:10)
  3 shadow imps
  2 oozes
  3 worms
  2 adder skeletons
  3 dart slugs
  11 giant geckos
  86 orcs
  10 bats
  5 giant cockroaches
  9 goblins
  8 hobgoblins
  18 jackals
  3 quokkas
  3 ball pythons (D:3)
  A ball python zombie (D:5)
  5 giant newts
  A jackal skeleton (D:4)
  19 kobolds
  16 rats
401 creatures vanquished.

Vanquished Creatures (collateral kills)
  A cyclops (D:11)
  3 yaks (D:9)
  2 orcs (D:9)
6 creatures vanquished.

Vanquished Creatures (others)
  A centaur (D:10)
  2 orcs
  17 fungi (D:10)
  6 plants (D:10)
26 creatures vanquished.

Grand Total: 433 creatures vanquished

Notes
Turn   | Place    | Note
--------------------------------------------------------------
     0 | D:1      | CALLOUS the Kobold Venom Mage began the quest for the Orb.
     0 | D:1      | Reached XP level 1. HP: 10/10 MP: 3/3
   261 | D:1      | Reached skill level 1 in Fighting
   261 | D:1      | Reached XP level 2. HP: 16/16 MP: 3/5
   265 | D:1      | Learned a level 2 spell: Cure Poison
   917 | D:1      | Reached skill level 3 in Dodging
   917 | D:1      | Reached XP level 3. HP: 11/21 MP: 0/6
  1851 | D:2      | Reached skill level 1 in Short Blades
  2039 | D:2      | Found a burning altar of Makhleb.
  2046 | D:2      | Reached XP level 4. HP: 20/26 MP: 1/7
  2518 | D:2      | Found a glowing golden altar of the Shining One.
  2518 | D:2      | Noticed Terence
  2587 | D:2      | Killed Terence
  2587 | D:2      | Reached skill level 4 in Dodging
  2732 | D:1      | Reached XP level 5. HP: 30/30 MP: 2/8
  3122 | D:2      | Found a deep blue altar of Sif Muna.
  4237 | D:3      | Reached XP level 6. HP: 36/36 MP: 7/9
  4374 | D:2      | Reached skill level 5 in Dodging
  5129 | D:3      | Reached skill level 1 in Evocations
  5697 | D:3      | Reached XP level 7. HP: 19/41 MP: 0/10
  6346 | D:4      | Reached skill level 6 in Dodging
  6356 | D:4      | Found a staircase to the Ecumenical Temple.
  6502 | D:4      | Noticed a water moccasin
  6543 | D:5      | Entered Level 5 of the Dungeon
  6956 | D:5      | Noticed Blork the orc
  7179 | D:5      | Reached skill level 7 in Dodging
  7179 | D:5      | Reached XP level 8. HP: 30/48 MP: 6/11
  7342 | D:5      | Noticed Sigmund
  7958 | D:5      | Noticed Edmund
  8037 | D:5      | Killed Edmund
  9204 | D:6      | Reached skill level 8 in Dodging
  9734 | D:6      | Reached skill level 5 in Stealth
 10140 | D:7      | Noticed a hill giant
 10203 | D:7      | Reached skill level 5 in Fighting
 10269 | D:7      | Reached skill level 9 in Dodging
 10297 | D:7      | Reached XP level 9. HP: 24/51 MP: 3/12
 11472 | D:8      | Noticed a moth of wrath
 11478 | D:8      | Found a bloodstained altar of Trog.
 11765 | D:8      | Found a shattered altar of Ashenzari.
 11839 | D:8      | Reached skill level 10 in Dodging
 11955 | D:8      | Found an iron altar of Okawaru.
 11972 | D:8      | Reached skill level 5 in Short Blades
 12068 | D:8      | Reached skill level 5 in Evocations
 12094 | D:8      | Found a glowing silver altar of Zin.
 12919 | D:9      | Noticed a troll
 13033 | D:10     | Entered Level 10 of the Dungeon
 13033 | D:10     | Noticed a hill giant
 13122 | D:9      | Reached XP level 10. HP: 49/58 MP: 13/13
 13897 | D:3      | Found an oddly glowing altar of Pakellas.
 14533 | D:4      | Found a stormy altar of Qazlal.
 15512 | D:9      | Killed a troll
 15910 | D:9      | Reached skill level 11 in Dodging
 16735 | D:9      | HP: 2/61 [troll (2)]
 17120 | D:10     | Noticed CALLOUS's ghost (novice DDWn)
 18303 | D:9      | Reached XP level 11. HP: 59/66 MP: 15/15
 18702 | D:11     | Noticed a cyclops
 18926 | D:11     | Killed a cyclops
 19348 | D:10     | Reached skill level 12 in Dodging
 19548 | D:10     | Learned a level 2 spell: Corpse Rot
 20132 | D:10     | Reached skill level 10 in Short Blades
 20669 | D:11     | Found Adylil's Distillery.
 20751 | D:11     | Noticed a hill giant
 20774 | D:11     | Noticed Psyche
 20943 | D:10     | Found a staircase to the Lair.
 21085 | D:11     | Bought a potion of heal wounds for 65 gold pieces
 21085 | D:11     | Bought a potion of haste for 130 gold pieces
 21085 | D:11     | Bought a potion of flight for 39 gold pieces
 21085 | D:11     | Bought a potion of magic for 104 gold pieces
 21085 | D:11     | Bought a potion of lignification for 39 gold pieces
 21085 | D:11     | Bought a potion of curing for 39 gold pieces
 21085 | D:11     | Bought a potion of ambrosia for 104 gold pieces
 21085 | D:11     | Bought a potion of brilliance for 52 gold pieces
 21124 | D:11     | Killed Psyche
 21188 | D:11     | Gained mutation: You regenerate slowly when monsters are visible. [potion of mutation]
 21188 | D:11     | Gained mutation: You are partially covered in slimy green scales (AC +2). [potion of mutation]
 21188 | D:11     | Gained mutation: You are somewhat resistant to further mutation. [potion of mutation]
 21189 | D:11     | Gained mutation: Your muscles are strong. (Str +2) [mutagenic meat]
 21206 | D:11     | Killed a hill giant
 21610 | D:11     | Noticed a brown ugly thing
 21865 | D:12     | Noticed a cyan ugly thing
 21878 | D:12     | Noticed a cyan ugly thing
 22011 | D:12     | Reached skill level 13 in Dodging
 22125 | D:13     | Noticed a cyclops
 22188 | D:12     | Killed a cyclops
 22289 | D:13     | Reached XP level 12. HP: 29/74 MP: 17/17
 22711 | D:13     | Noticed a centaur warrior
 23191 | D:13     | Gained mutation: You are mostly covered in slimy green scales (AC +3). [potion of mutation]
 23369 | D:13     | Killed an unseen horror
 23369 | D:13     | Reached skill level 10 in Fighting
 23554 | D:13     | Found a gate to the Vaults.
 23556 | D:13     | Noticed an ogre mage
 24567 | D:10     | Reached skill level 14 in Dodging
 24770 | D:10     | Killed CALLOUS's ghost
 25187 | D:10     | Learned a level 1 spell: Apportation
 25189 | D:10     | Learned a level 1 spell: Summon Butterflies
 25195 | Lair:1   | Entered Level 1 of the Lair of Beasts
 26892 | Lair:1   | Slain by a blink frog

Skill      XL: |  1  2  3  4  5  6  7  8  9 10 11 12 |
---------------+-------------------------------------+-----
Fighting       | 1 2 3 4 5 6 8 9 10 | 10.4
Stealth        | 3 4 5 6 |  6.3
Dodging        | 3 4 5 7 9 10 11 13 14 | 14.9
Short Blades   | 1 2 3 4 6 9 10 11 | 11.9
Evocations     | 1 2 3 5 6 7 8 |  8.2
Spellcasting   | |  2.0
Poison Magic   | |  4.0

Action                   |  1- 3 |  4- 6 |  7- 9 | 10-12 || total
-------------------------+-------+-------+-------+-------++-------
Melee: Unarmed           |    11 |    98 |    66 |       ||   175
       Short sword       |       |       |   264 |   190 ||   454
       Dagger            |       |       |    80 |  1103 ||  1183
 Fire: Shortbow          |       |       |    94 |   393 ||   487
       Blowgun           |       |       |       |    12 ||    12
Throw: Stone             |     3 |    73 |    53 |    93 ||   222
       Tomahawk          |       |       |     7 |    55 ||    62
 Cast: Sting             |    84 |   155 |   158 |       ||   397
       Cure Poison       |       |     1 |     1 |     1 ||     3
       Corpse Rot        |       |       |       |     1 ||     1
Evoke: Wand              |       |       |     2 |    21 ||    23
       Lamp of fire      |       |       |       |     1 ||     1
  Use: Scroll            |       |       |     1 |       ||     1
       Potion            |       |       |       |     6 ||     6
 Stab: Sleeping          |     1 |     1 |     2 |     4 ||     8
       Confused          |       |       |     1 |     3 ||     4
       Distracted        |       |       |     1 |     2 ||     3
       Petrifying        |       |       |       |     1 ||     1
  Eat: Chunk             |    14 |    15 |    28 |    52 ||   109
Armor: Robe              |     7 |    15 |    29 |       ||    51
       Chain mail        |       |       |   104 |   150 ||   254
       Troll hide        |       |       |       |    36 ||    36
Dodge: Dodged            |    33 |   142 |   329 |   734 ||  1238
